2970 views
Uploaded 2019-12-30 17:32:44
Game version 1.32.0.4
20:35 long 3on3 ladder game on (6)RuinsOfStratholme
Saved by BEARAND
2970 views
Uploaded 2019-12-30 17:32:44
Game version 1.32.0.4
20:35 long 3on3 ladder game on (6)RuinsOfStratholme


73 units @ 6.3k
/ 0.3k
164 buildings @ 16.7k
/ 10.1k

| Healing Salve | 1 | 100 |
| Orb of Lightning | 1 | 375 |
| Boots of Speed | 1 | 250 |
| Staff of Teleportation | 1 | 150 |
| total: | 4 | 875g |
| Peon | 20 | 1500 | / | 0 |
| Troll Batrider | 4 | 640 | / | 160 |
| total: | 24 | 2140g | / | 160w |
| Watch Tower | 34 | 3740 | / | 2720 |
| Altar of Storms | 1 | 180 | / | 50 |
| Orc Burrow | 3 | 480 | / | 120 |
| War Mill | 1 | 205 | / | 0 |
| Voodoo Lounge | 1 | 130 | / | 30 |
| Great Hall | 2 | 770 | / | 370 |
| Beastiary | 5 | 725 | / | 700 |
| Stronghold | 1 | 315 | / | 190 |
| Fortress | 1 | 325 | / | 190 |
| total: | 47 | 6230g | / | 3990w |
| 0:05 | Peon |
| 0:05 | Peon |
| 0:09 | Altar of Storms |
| 0:22 | Orc Burrow |
| 0:28 | Peon |
| 0:38 | Peon |
| 0:55 | War Mill |
| 1:02 | Peon |
| 1:03 | Peon |
| 1:10 | Voodoo Lounge |
| 1:27 | Peon |
| 1:29 | Peon |
| 1:48 | Peon |
| 2:02 | Orc Burrow |
| 2:11 | Watch Tower |
| 2:17 | Peon |
| 2:20 | Shockwave |
| 2:21 | Healing Salve |
| 2:30 | Watch Tower |
| 2:41 | Peon |
| 2:42 | Peon |
| 3:06 | Peon |
| 3:22 | Watch Tower |
| 3:29 | Watch Tower |
| 4:17 | Endurance Aura |
| 4:21 | Peon |
| 4:21 | Peon |
| 4:31 | Watch Tower |
| 4:38 | Watch Tower |
| 4:46 | Watch Tower |
| 5:25 | Stronghold |
| 5:30 | Great Hall |
| 5:37 | Watch Tower |
| 5:41 | Watch Tower |
| 5:50 | Watch Tower |
| 6:49 | Watch Tower |
| 6:55 | Spiked Barricades |
| 7:18 | Watch Tower |
| 8:03 | Watch Tower |
| 8:06 | Peon |
| 8:08 | Orc Burrow |
| 8:11 | Watch Tower |
| 8:13 | Reinforced Defenses |
| 8:29 | Peon |
| 8:29 | Peon |
| 8:29 | Peon |
| 8:30 | Peon |
| 8:33 | Shockwave |
| 8:39 | Beastiary |
| 8:42 | Beastiary |
| 8:48 | Watch Tower |
| 9:06 | Watch Tower |
| 9:11 | Beastiary |
| 9:22 | Fortress |
| 9:25 | Watch Tower |
| 9:58 | Watch Tower |
| 10:02 | Watch Tower |
| 10:22 | Watch Tower |
| 10:46 | Boots of Speed |
| 11:08 | Watch Tower |
| 11:12 | Watch Tower |
| 11:25 | Watch Tower |
| 12:05 | Endurance Aura |
| 12:21 | Watch Tower |
| 12:24 | Watch Tower |
| 12:30 | Watch Tower |
| 12:51 | Liquid Fire |
| 13:04 | Staff of Teleportation |
| 13:20 | Beastiary |
| 13:26 | Watch Tower |
| 13:33 | Watch Tower |
| 13:35 | Orb of Lightning |
| 14:11 | Watch Tower |
| 14:31 | Beastiary |
| 14:38 | Watch Tower |
| 14:46 | Great Hall |
| 15:20 | Watch Tower |
| 15:48 | Watch Tower |
| 15:58 | Steel Ranged Weapons |
| 15:58 | Improved Spiked Barricades |
| 15:59 | Steel Armor |
| 16:26 | Watch Tower |
| 17:04 | Troll Batrider |
| 17:19 | Troll Batrider |
| 18:15 | Watch Tower |
| 19:11 | Troll Batrider |
| 19:13 | Troll Batrider |
| 19:15 | Thorium Ranged Weapons |
| 19:56 | Shockwave |
| Right click | 1303 |
| Select | 253 |
| Build/train/purchase | 47 |
| Use ability | 27 |
| Select group | 25 |
| Misc. action | 16 |
| Assign group | 7 |
| Item give/drop | 5 |
| Esc | 3 |
| Minimap ping | 3 |
| Remove unit | 2 |



| Staff of Sanctuary | 3 | 750 |
| Boots of Speed | 3 | 750 |
| Staff of Teleportation | 3 | 450 |
| Periapt of Vitality | 1 | 325 |
| Circlet of Nobility | 1 | 175 |
| Orb of Lightning | 3 | 1125 |
| total: | 14 | 3575g |
| Peasant | 20 | 1500 | / | 0 |
| Priest | 2 | 270 | / | 20 |
| total: | 22 | 1770g | / | 20w |
| Scout Tower | 43 | 1290 | / | 860 |
| Arcane Tower | 3 | 210 | / | 150 |
| Guard Tower | 15 | 1050 | / | 750 |
| Altar of Kings | 1 | 180 | / | 50 |
| Farm | 4 | 320 | / | 80 |
| Lumber Mill | 1 | 120 | / | 0 |
| Arcane Vault | 5 | 650 | / | 150 |
| Town Hall | 1 | 385 | / | 205 |
| Arcane Sanctum | 1 | 150 | / | 140 |
| Keep | 1 | 320 | / | 210 |
| Castle | 1 | 360 | / | 210 |
| total: | 56 | 3095g | / | 1485w |
| 0:02 | Peasant |
| 0:03 | Peasant |
| 0:11 | Altar of Kings |
| 0:19 | Farm |
| 0:28 | Peasant |
| 0:41 | Scout Tower |
| 0:43 | Scout Tower |
| 0:44 | Peasant |
| 1:02 | Farm |
| 1:06 | Peasant |
| 1:06 | Peasant |
| 1:25 | Lumber Mill |
| 1:36 | Peasant |
| 1:37 | Peasant |
| 1:37 | Peasant |
| 1:45 | Peasant |
| 1:54 | Scout Tower |
| 1:57 | Scout Tower |
| 2:03 | Peasant |
| 2:04 | Arcane Tower |
| 2:10 | Blizzard |
| 2:20 | Scout Tower |
| 2:20 | Scout Tower |
| 2:40 | Guard Tower |
| 2:41 | Peasant |
| 2:42 | Peasant |
| 2:42 | Peasant |
| 2:53 | Guard Tower |
| 3:22 | Brilliance Aura |
| 3:29 | Scout Tower |
| 3:30 | Scout Tower |
| 3:39 | Guard Tower |
| 4:02 | Improved Masonry |
| 4:06 | Guard Tower |
| 4:07 | Scout Tower |
| 4:08 | Scout Tower |
| 4:36 | Keep |
| 4:42 | Guard Tower |
| 4:45 | Scout Tower |
| 4:46 | Scout Tower |
| 4:56 | Farm |
| 4:58 | Farm |
| 5:17 | Blizzard |
| 5:23 | Guard Tower |
| 5:29 | Scout Tower |
| 5:30 | Scout Tower |
| 5:38 | Scout Tower |
| 5:58 | Guard Tower |
| 6:00 | Scout Tower |
| 6:00 | Scout Tower |
| 6:07 | Boots of Speed |
| 6:07 | Staff of Teleportation |
| 6:15 | Arcane Vault |
| 6:46 | Guard Tower |
| 6:50 | Scout Tower |
| 6:51 | Scout Tower |
| 7:20 | Peasant |
| 7:20 | Peasant |
| 7:20 | Peasant |
| 7:21 | Peasant |
| 8:01 | Storm Bolt |
| 8:36 | Town Hall |
| 9:04 | Scout Tower |
| 9:05 | Scout Tower |
| 9:05 | Scout Tower |
| 9:06 | Scout Tower |
| 9:06 | Scout Tower |
| 9:07 | Scout Tower |
| 9:08 | Scout Tower |
| 9:08 | Scout Tower |
| 9:10 | Scout Tower |
| 9:10 | Scout Tower |
| 9:11 | Scout Tower |
| 9:12 | Scout Tower |
| 9:13 | Scout Tower |
| 9:13 | Scout Tower |
| 9:14 | Scout Tower |
| 9:15 | Scout Tower |
| 9:25 | Castle |
| 9:27 | Improved Lumber Harvesting |
| 9:51 | Guard Tower |
| 10:00 | Scout Tower |
| 10:17 | Bash |
| 10:31 | Guard Tower |
| 10:33 | Scout Tower |
| 10:34 | Scout Tower |
| 10:34 | Scout Tower |
| 10:35 | Scout Tower |
| 10:50 | Staff of Teleportation |
| 11:17 | Guard Tower |
| 11:36 | Brilliance Aura |
| 12:25 | Arcane Tower |
| 12:26 | Scout Tower |
| 12:26 | Scout Tower |
| 12:28 | Scout Tower |
| 12:50 | Arcane Vault |
| 12:56 | Guard Tower |
| 13:02 | Peasant |
| 13:02 | Peasant |
| 13:13 | Staff of Sanctuary |
| 13:27 | Advanced Masonry |
| 13:47 | Staff of Sanctuary |
| 13:59 | Arcane Sanctum |
| 14:03 | Orb of Lightning |
| 14:16 | Boots of Speed |
| 14:28 | Holy Light |
| 14:35 | Orb of Lightning |
| 14:35 | Orb of Lightning |
| 15:16 | Priest |
| 15:17 | Magic Sentry |
| 15:25 | Staff of Sanctuary |
| 16:07 | Periapt of Vitality |
| 16:11 | Circlet of Nobility |
| 16:15 | Guard Tower |
| 16:27 | Boots of Speed |
| 17:50 | Staff of Teleportation |
| 18:14 | Storm Bolt |
| 18:16 | Arcane Vault |
| 18:17 | Arcane Vault |
| 18:20 | Arcane Vault |
| 18:25 | Priest |
| 18:26 | Priest Adept Training |
| 20:00 | Divine Shield |
| Right click | 1623 |
| Select | 573 |
| Select group | 188 |
| Build/train/purchase | 123 |
| Use ability | 69 |
| Misc. action | 22 |
| Chat | 19 |
| Assign group | 11 |
| Item give/drop | 10 |
| Minimap ping | 9 |
| Remove unit | 1 |


| Healing Salve | 2 | 200 |
| Lesser Clarity Potion | 2 | 140 |
| Orb of Lightning | 2 | 750 |
| Staff of Teleportation | 2 | 300 |
| Boots of Speed | 3 | 750 |
| Staff of Sanctuary | 1 | 250 |
| total: | 12 | 2390g |
| Peon | 23 | 1725 | / | 0 |
| Troll Batrider | 4 | 640 | / | 160 |
| total: | 27 | 2365g | / | 160w |
| Watch Tower | 51 | 5610 | / | 4080 |
| Altar of Storms | 1 | 180 | / | 50 |
| Orc Burrow | 3 | 480 | / | 120 |
| Voodoo Lounge | 3 | 390 | / | 90 |
| War Mill | 1 | 205 | / | 0 |
| Great Hall | 1 | 385 | / | 185 |
| Beastiary | 1 | 145 | / | 140 |
| Stronghold | 1 | 315 | / | 190 |
| Fortress | 1 | 325 | / | 190 |
| total: | 61 | 7395g | / | 4665w |
| 0:05 | Peon |
| 0:05 | Peon |
| 0:08 | Altar of Storms |
| 0:19 | Orc Burrow |
| 0:25 | Voodoo Lounge |
| 0:30 | Peon |
| 0:51 | Peon |
| 1:02 | War Mill |
| 1:11 | Peon |
| 1:30 | Peon |
| 1:38 | Peon |
| 1:52 | Peon |
| 2:07 | Wind Walk |
| 2:14 | Healing Salve |
| 2:14 | Healing Salve |
| 2:15 | Lesser Clarity Potion |
| 2:16 | Lesser Clarity Potion |
| 2:28 | Peon |
| 2:29 | Peon |
| 2:34 | Watch Tower |
| 2:37 | Watch Tower |
| 3:10 | Orc Burrow |
| 3:34 | Stronghold |
| 3:51 | Watch Tower |
| 3:53 | Watch Tower |
| 4:38 | Spiked Barricades |
| 4:47 | Staff of Teleportation |
| 4:54 | Boots of Speed |
| 5:07 | Watch Tower |
| 5:08 | Watch Tower |
| 5:22 | Critical Strike |
| 5:42 | Watch Tower |
| 5:58 | Fortress |
| 6:18 | Watch Tower |
| 6:20 | Watch Tower |
| 6:55 | Hex |
| 7:23 | Watch Tower |
| 7:25 | Watch Tower |
| 7:27 | Watch Tower |
| 8:00 | Beastiary |
| 8:24 | Voodoo Lounge |
| 8:34 | Wind Walk |
| 9:04 | Watch Tower |
| 9:04 | Watch Tower |
| 9:06 | Orb of Lightning |
| 9:21 | Watch Tower |
| 9:23 | Peon |
| 9:23 | Peon |
| 9:24 | Peon |
| 9:26 | Orc Burrow |
| 9:29 | Watch Tower |
| 9:55 | Great Hall |
| 9:57 | Healing Wave |
| 10:32 | Voodoo Lounge |
| 10:40 | Watch Tower |
| 10:43 | Watch Tower |
| 10:47 | Peon |
| 10:47 | Peon |
| 10:51 | Watch Tower |
| 11:07 | Boots of Speed |
| 11:19 | Watch Tower |
| 12:28 | Watch Tower |
| 12:29 | Watch Tower |
| 12:30 | Watch Tower |
| 12:37 | Watch Tower |
| 12:37 | Watch Tower |
| 12:39 | Peon |
| 12:39 | Peon |
| 12:55 | Troll Batrider |
| 12:55 | Troll Batrider |
| 13:07 | Peon |
| 13:07 | Peon |
| 13:09 | Peon |
| 13:10 | Peon |
| 13:29 | Troll Batrider |
| 13:29 | Troll Batrider |
| 13:31 | Reinforced Defenses |
| 13:40 | Watch Tower |
| 13:40 | Watch Tower |
| 13:52 | Healing Wave |
| 14:10 | Critical Strike |
| 14:22 | Watch Tower |
| 14:25 | Watch Tower |
| 14:25 | Watch Tower |
| 14:51 | Watch Tower |
| 14:51 | Watch Tower |
| 14:53 | Watch Tower |
| 15:29 | Watch Tower |
| 15:32 | Watch Tower |
| 15:32 | Watch Tower |
| 15:35 | Peon |
| 15:35 | Peon |
| 15:42 | Staff of Teleportation |
| 15:42 | Boots of Speed |
| 16:12 | Watch Tower |
| 16:12 | Watch Tower |
| 16:25 | Orb of Lightning |
| 16:40 | Watch Tower |
| 16:42 | Watch Tower |
| 16:43 | Watch Tower |
| 16:47 | Staff of Sanctuary |
| 17:32 | Watch Tower |
| 17:33 | Watch Tower |
| 17:53 | Watch Tower |
| 17:56 | Watch Tower |
| 17:56 | Watch Tower |
| 18:22 | Steel Ranged Weapons |
| 18:44 | Hex |
| 18:55 | Watch Tower |
| 18:55 | Watch Tower |
| 18:59 | Watch Tower |
| 19:05 | Watch Tower |
| 19:05 | Watch Tower |
| 20:27 | Critical Strike |
| Right click | 1134 |
| Select group | 611 |
| Select | 182 |
| Build/train/purchase | 94 |
| Misc. action | 59 |
| Use ability | 35 |
| Chat | 33 |
| Minimap ping | 31 |
| Item give/drop | 14 |
| Assign group | 9 |
75 units @ 11.1k
/ 1.4k
63 buildings @ 6.8k
/ 2.7k


| Potion of Healing | 1 | 150 |
| Scroll of Town Portal | 1 | 350 |
| total: | 2 | 500g |
| Peasant | 16 | 1200 | / | 0 |
| Footman | 2 | 270 | / | 0 |
| Rifleman | 6 | 1230 | / | 180 |
| Priest | 2 | 270 | / | 20 |
| Gryphon Rider | 4 | 1120 | / | 280 |
| Knight | 2 | 490 | / | 120 |
| total: | 32 | 4580g | / | 600w |
| Scout Tower | 4 | 120 | / | 80 |
| Guard Tower | 4 | 280 | / | 200 |
| Altar of Kings | 1 | 180 | / | 50 |
| Farm | 10 | 800 | / | 200 |
| Barracks | 1 | 160 | / | 60 |
| Blacksmith | 1 | 140 | / | 60 |
| Lumber Mill | 1 | 120 | / | 0 |
| Arcane Vault | 1 | 130 | / | 30 |
| Town Hall | 1 | 385 | / | 205 |
| Arcane Sanctum | 2 | 300 | / | 280 |
| Gryphon Aviary | 1 | 140 | / | 150 |
| Keep | 1 | 320 | / | 210 |
| Castle | 1 | 360 | / | 210 |
| total: | 23 | 2475g | / | 1115w |
| 0:03 | Peasant |
| 0:04 | Peasant |
| 0:04 | Peasant |
| 0:04 | Peasant |
| 0:21 | Altar of Kings |
| 0:36 | Farm |
| 0:40 | Peasant |
| 0:57 | Barracks |
| 1:03 | Peasant |
| 1:15 | Peasant |
| 1:33 | Peasant |
| 1:53 | Blacksmith |
| 2:02 | Farm |
| 2:22 | Farm |
| 2:26 | Farm |
| 2:31 | Peasant |
| 2:33 | Footman |
| 2:36 | Farm |
| 2:43 | Holy Light |
| 2:49 | Footman |
| 2:57 | Peasant |
| 3:08 | Scout Tower |
| 3:15 | Black Gunpowder |
| 3:19 | Rifleman |
| 3:24 | Scout Tower |
| 3:28 | Peasant |
| 3:33 | Farm |
| 3:42 | Lumber Mill |
| 3:59 | Farm |
| 4:02 | Rifleman |
| 4:24 | Farm |
| 4:31 | Peasant |
| 4:33 | Keep |
| 4:41 | Studded Leather Armor |
| 5:20 | Scout Tower |
| 5:23 | Iron Forged Swords |
| 5:27 | Devotion Aura |
| 5:48 | Guard Tower |
| 5:51 | Guard Tower |
| 5:55 | Rifleman |
| 5:58 | Guard Tower |
| 6:02 | Improved Masonry |
| 7:16 | Divine Shield |
| 7:21 | Rifleman |
| 7:24 | Refined Gunpowder |
| 7:26 | Reinforced Leather Armor |
| 7:31 | Arcane Sanctum |
| 7:37 | Scout Tower |
| 7:52 | Arcane Vault |
| 8:14 | Guard Tower |
| 8:21 | Gryphon Aviary |
| 8:22 | Castle |
| 8:25 | Steel Forged Swords |
| 9:13 | Brilliance Aura |
| 9:37 | Long Rifles |
| 9:43 | Arcane Sanctum |
| 9:46 | Improved Lumber Harvesting |
| 10:01 | Farm |
| 10:07 | Iron Plating |
| 10:10 | Imbued Gunpowder |
| 10:11 | Rifleman |
| 10:32 | Scroll of Town Portal |
| 10:39 | Potion of Healing |
| 10:59 | Farm |
| 11:01 | Storm Hammers |
| 11:10 | Priest Adept Training |
| 12:08 | Animal War Training |
| 12:12 | Priest |
| 12:18 | Town Hall |
| 12:46 | Gryphon Rider |
| 13:29 | Knight |
| 13:33 | Dragonhide Armor |
| 13:38 | Gryphon Rider |
| 14:33 | Priest |
| 14:42 | Mithril Forged Swords |
| 15:51 | Gryphon Rider |
| 16:18 | Rifleman |
| 16:23 | Steel Plating |
| 16:28 | Knight |
| 16:45 | Peasant |
| 16:45 | Peasant |
| 18:01 | Gryphon Rider |
| 18:19 | Peasant |
| 18:19 | Peasant |
| Right click | 496 |
| Select | 212 |
| Build/train/purchase | 66 |
| Select group | 55 |
| Assign group | 37 |
| Misc. action | 23 |
| Use ability | 16 |
| Minimap ping | 6 |
| Remove unit | 4 |


| Peasant | 9 | 675 | / | 0 |
| Footman | 5 | 675 | / | 0 |
| Rifleman | 5 | 1025 | / | 150 |
| Knight | 3 | 735 | / | 180 |
| Gryphon Rider | 2 | 560 | / | 140 |
| total: | 24 | 3670g | / | 470w |
| Scout Tower | 7 | 210 | / | 140 |
| Arcane Tower | 2 | 140 | / | 100 |
| Guard Tower | 5 | 350 | / | 250 |
| Barracks | 2 | 320 | / | 120 |
| Altar of Kings | 1 | 180 | / | 50 |
| Farm | 14 | 1120 | / | 280 |
| Blacksmith | 1 | 140 | / | 60 |
| Lumber Mill | 1 | 120 | / | 0 |
| Arcane Vault | 1 | 130 | / | 30 |
| Gryphon Aviary | 2 | 280 | / | 300 |
| Keep | 1 | 320 | / | 210 |
| Castle | 1 | 360 | / | 210 |
| total: | 29 | 2500g | / | 980w |
| 0:14 | Barracks |
| 0:17 | Peasant |
| 0:23 | Altar of Kings |
| 0:35 | Peasant |
| 0:47 | Peasant |
| 0:53 | Farm |
| 1:01 | Farm |
| 1:05 | Peasant |
| 1:16 | Peasant |
| 1:34 | Farm |
| 1:47 | Peasant |
| 1:53 | Scout Tower |
| 2:00 | Scout Tower |
| 2:03 | Peasant |
| 2:20 | Farm |
| 2:34 | Barracks |
| 2:40 | Holy Light |
| 2:56 | Blacksmith |
| 3:04 | Lumber Mill |
| 3:13 | Footman |
| 3:45 | Scout Tower |
| 3:54 | Footman |
| 4:01 | Arcane Tower |
| 4:04 | Arcane Tower |
| 4:18 | Rifleman |
| 4:24 | Guard Tower |
| 4:37 | Improved Masonry |
| 5:18 | Keep |
| 5:22 | Black Gunpowder |
| 5:38 | Farm |
| 6:01 | Devotion Aura |
| 6:18 | Scout Tower |
| 6:25 | Arcane Vault |
| 6:33 | Scout Tower |
| 6:43 | Farm |
| 6:50 | Farm |
| 6:54 | Guard Tower |
| 7:04 | Studded Leather Armor |
| 7:09 | Rifleman |
| 7:10 | Footman |
| 7:15 | Guard Tower |
| 7:43 | Scout Tower |
| 7:54 | Scout Tower |
| 8:02 | Long Rifles |
| 8:16 | Gryphon Aviary |
| 8:29 | Guard Tower |
| 8:31 | Guard Tower |
| 8:35 | Improved Lumber Harvesting |
| 8:40 | Iron Forged Swords |
| 8:54 | Rifleman |
| 9:09 | Farm |
| 9:24 | Farm |
| 10:01 | Gryphon Aviary |
| 10:34 | Footman |
| 11:22 | Castle |
| 11:30 | Advanced Masonry |
| 11:31 | Iron Plating |
| 11:35 | Footman |
| 12:05 | Rifleman |
| 12:29 | Steel Forged Swords |
| 13:30 | Farm |
| 13:46 | Farm |
| 13:59 | Sundering Blades |
| 14:04 | Animal War Training |
| 14:24 | Summon Water Elemental |
| 15:00 | Storm Hammers |
| 15:29 | Knight |
| 15:34 | Farm |
| 16:05 | Farm |
| 16:13 | Farm |
| 16:19 | Holy Light |
| 16:25 | Knight |
| 17:33 | Gryphon Rider |
| 17:53 | Peasant |
| 17:53 | Peasant |
| 18:35 | Rifleman |
| 20:04 | Knight |
| 20:24 | Gryphon Rider |
| Right click | 359 |
| Select | 156 |
| Select group | 72 |
| Build/train/purchase | 52 |
| Use ability | 18 |
| Assign group | 11 |

| Rod of Necromancy | 3 | 450 |
| Ritual Dagger | 3 | 375 |
| Sacrificial Skull | 2 | 100 |
| Potion of Healing | 1 | 150 |
| Potion of Mana | 1 | 200 |
| total: | 10 | 1275g |
| Acolyte | 8 | 600 | / | 0 |
| Ghoul | 3 | 360 | / | 0 |
| Crypt Fiend | 5 | 1075 | / | 200 |
| Assassin | 1 | 250 | / | 30 |
| Kobold Geomancer | 1 | 255 | / | 30 |
| Forest Troll High Priest | 1 | 305 | / | 40 |
| total: | 19 | 2845g | / | 300w |
| Nerubian Tower | 3 | 300 | / | 60 |
| Spirit Tower | 1 | 145 | / | 40 |
| Crypt | 2 | 400 | / | 100 |
| Ziggurat | 5 | 750 | / | 250 |
| Altar of Darkness | 1 | 180 | / | 50 |
| Tomb of Relics | 1 | 130 | / | 30 |
| Graveyard | 1 | 215 | / | 0 |
| Slaughterhouse | 1 | 140 | / | 135 |
| Halls of the Dead | 1 | 320 | / | 210 |
| total: | 11 | 1815g | / | 565w |
| 0:07 | Acolyte |
| 0:07 | Acolyte |
| 0:14 | Crypt |
| 0:23 | Ziggurat |
| 0:42 | Altar of Darkness |
| 1:08 | Tomb of Relics |
| 1:15 | Ghoul |
| 1:23 | Ziggurat |
| 1:36 | Ghoul |
| 2:01 | Graveyard |
| 2:17 | Nerubian Tower |
| 2:31 | Crypt |
| 2:41 | Black Arrow |
| 2:52 | Rod of Necromancy |
| 3:21 | Ghoul |
| 3:48 | Crypt Fiend |
| 3:56 | Ritual Dagger |
| 4:14 | Acolyte |
| 4:17 | Ziggurat |
| 4:52 | Crypt Fiend |
| 5:05 | Rod of Necromancy |
| 5:17 | Creature Attack |
| 5:45 | Silence |
| 5:58 | Crypt Fiend |
| 6:13 | Spirit Tower |
| 6:56 | Acolyte |
| 6:57 | Halls of the Dead |
| 6:58 | Creature Carapace |
| 7:12 | Black Arrow |
| 7:35 | Assassin |
| 7:46 | Ziggurat |
| 7:47 | Nerubian Tower |
| 8:33 | Ziggurat |
| 8:39 | Crypt Fiend |
| 8:51 | Sacrificial Skull |
| 9:02 | Ritual Dagger |
| 9:25 | Slaughterhouse |
| 9:53 | Improved Creature Attack |
| 9:57 | Nerubian Tower |
| 10:31 | Acolyte |
| 10:48 | Kobold Geomancer |
| 10:49 | Forest Troll High Priest |
| 12:28 | Potion of Healing |
| 12:28 | Potion of Mana |
| 12:33 | Sacrificial Skull |
| 12:34 | Ritual Dagger |
| 12:38 | Rod of Necromancy |
| 13:17 | Crypt Fiend |
| 13:18 | Acolyte |
| 13:19 | Acolyte |
| 13:19 | Acolyte |
| Right click | 458 |
| Select | 232 |
| Select group | 71 |
| Build/train/purchase | 56 |
| Assign group | 27 |
| Use ability | 18 |
| Misc. action | 13 |
| Esc | 4 |
| Item give/drop | 1 |
| Minimap ping | 1 |
⇛